[Event "ICC tourney 2877 (40 10)"]
[Site "Internet Chess Club"]
[Date "2022.04.09"]
[Round "5"]
[White "THAPER, RISHUBH:MajorKey"]
[Black "SRIPADA, ANISHA:waterycargo"]
[Result "1-0"]
[ICCResult "Black checkmated"]
[WhiteElo "1145"]
[BlackElo "1251"]
[Opening "Catalan: closed, 6...Nbd7"]
[ECO "E07"]
[NIC "CA.04"]
[Time "20:01:11"]
[PlyCount "49"]
[TimeControl "2400+10"]

1. d4 d5 2. c4 e6 3. Nf3 Nf6 4. g3 Be7 5. Bg2 O-O 6. O-O Nbd7 7. Nc3 b6 8.
Ne5 Bb7 9. b3 Nxe5 10. dxe5 Nd7 11. cxd5 exd5 12. Nxd5 c6 13. Nxe7+ Qxe7 14.
f4 Rad8 15. Qc2 Qe6 16. Bb2 b5 17. Rad1 Nb6 18. f5 Qh6 19. Bc1 Qh5 20. Rxd8
Rxd8 21. Rf4 Qg5 22. Rh4 Qe7 23. f6 gxf6 24. Qxh7+ Kf8 25. Qh8#
{Black checkmated}
1-0

[Event "ICC tourney 2877 (40 10)"]
[Site "Internet Chess Club"]
[Date "2022.04.09"]
[Round "5"]
[White "ANGEL, BORYS:BArkadia"]
[Black "STINSON, RUSSELL:rcstinson"]
[Result "1/2-1/2"]
[ICCResult "Game drawn by mutual agreement"]
[WhiteElo "1399"]
[BlackElo "1400"]
[Opening "Sicilian defense"]
[ECO "B41"]
[NIC "SI.41"]
[Time "20:01:00"]
[PlyCount "172"]
[TimeControl "2400+10"]

1. e4 c5 2. Nf3 e6 3. d4 cxd4 4. Nxd4 Bc5 5. Nb3 Bb6 6. c4 Ne7 7. Nc3 d6 8.
Nb5 d5 9. exd5 exd5 10. c5 Bc7 11. Bd3 O-O 12. O-O Na6 13. Nxc7 Nxc7 14. Bf4
Ng6 15. Bg3 f5 16. f4 d4 17. Bc4+ Be6 18. Rc1 b5 19. cxb6 axb6 20. Nxd4 Bxc4
21. Rxc4 Kh8 22. Qb3 b5 23. Nxb5 Rb8 24. Rxc7 Rxb5 25. Qxb5 Qxc7 26. Re1
Qa7+ 27. Bf2 Qxa2 28. Bc5 Rg8 29. Bd4 Qf7 30. g3 Rd8 31. b4 Rxd4 32. Qe8+
Qg8 33. b5 Rd8 34. Qe6 Qxe6 35. Rxe6 Kg8 36. b6 Rd1+ 37. Kg2 Rb1 38. Rc6 Ne7
39. Rc7 Nd5 40. Rc8+ Kf7 41. Rc5 Ne7 42. Kh3 Rxb6 43. g4 fxg4+ 44. Kxg4 Rc6
45. Re5 Re6 46. Ra5 Rg6+ 47. Kf3 Rh6 48. Kg3 Rf6 49. Ra7 Ke6 50. Ra6+ Kf5
51. Ra5+ Ke4 52. Re5+ Kd4 53. Rxe7 Rg6+ 54. Kf3 Kd3 55. Rd7+ Kc4 56. Rd1 Rh6
57. Rh1 Kd3 58. h4 Rh5 59. Kg4 g6 60. Re1 Ra5 61. Re5 Ra1 62. Kg5 Rg1+ 63.
Kh6 Rg4 64. Kxh7 Rxh4+ 65. Kxg6 Rxf4 66. Ra5 Rg4+ 67. Kf5 Rh4 68. Ra3+ Ke2
69. Ra2+ Kf3 70. Ra3+ Kg2 71. Kg5 Rb4 72. Ra2+ Kf3 73. Ra3+ Ke4 74. Rh3 Ke5
75. Rh8 Rb1 76. Re8+ Kd6 77. Re2 Rg1+ 78. Kf5 Rf1+ 79. Ke4 Rf8 80. Rd2+ Kc5
81. Rc2+ Kb4 82. Rc7 Re8+ 83. Kd5 Rd8+ 84. Kc6 Rd1 85. Rb7+ Kc3 86. Rb5 Rh1
{Game drawn by mutual agreement}
1/2-1/2

[Event "ICC tourney 2877 (40 10)"]
[Site "Internet Chess Club"]
[Date "2022.04.09"]
[Round "5"]
[White "SAUL, BRUCE H:Bdevil81"]
[Black "JAIN, PARINYA:StockAlpha2020"]
[Result "0-1"]
[ICCResult "White resigns"]
[WhiteElo "1216"]
[BlackElo "1415"]
[Opening "Queen's pawn game, Darooha variation "]
[ECO "D02"]
[NIC "QP.08"]
[Time "20:01:03"]
[PlyCount "120"]
[TimeControl "2400+10"]

1. d4 d5 2. Nf3 Nf6 3. g3 c5 4. Bg2 Nc6 5. O-O Bf5 6. dxc5 e5 7. c3 Bxc5 8.
Bg5 Be7 9. Nbd2 h6 10. Bxf6 Bxf6 11. Nb3 O-O 12. Qd2 Qd7 13. Rad1 Rfd8 14.
Rfe1 Bh3 15. Bh1 b6 16. e3 Bg4 17. e4 d4 18. cxd4 Nxd4 19. Nbxd4 exd4 20.
Qd3 Rac8 21. Rc1 Rc5 22. Rxc5 bxc5 23. Rc1 Qd6 24. Nd2 Be6 25. f4 Qb6 26. b3
g6 27. e5 Be7 28. Nc4 Qc7 29. Be4 Kg7 30. Kg2 h5 31. Nd2 Qa5 32. a4 h4 33.
Nf3 hxg3 34. hxg3 Qb4 35. Nd2 Rb8 36. Rb1 Rh8 37. Nf3 a5 38. Bc6 Rb8 39. Nd2
Bf5 40. Be4 Bxe4+ 41. Nxe4 c4 42. Qxd4 cxb3 43. Qxb4 Rxb4 44. Nd6 b2 45. Kf2
Bxd6 46. exd6 Kf6 47. Ke2 Ke6 48. Kd2 Kxd6 49. Kc2 Kc5 50. Kc3 f5 51. Rxb2
Rxb2 52. Kxb2 Kb4 53. Ka2 Kxa4 54. Kb2 Kb4 55. Ka2 a4 56. Kb2 a3+ 57. Kc2 a2
58. Kb2 a1=Q+ 59. Kxa1 Kc3 60. Kb1 Kd3 {White resigns} 0-1